 Dungeon Crawl Stone Soup version 0.30.0 (webtiles) character file.

Game seed: 7465797715382102812

42 meatpath the Chopper (level 3, 0/33 HPs)
             Began as a Minotaur Berserker on May 6, 2023.
             Was a Follower of Trog.
             Slain by a gnoll
             ... wielding a +0 whip
              (8 damage)
             ... on level 2 of the Dungeon on May 7, 2023.
             The game lasted 00:01:47 (662 turns).

meatpath the Chopper (Minotaur Berserker)            Turns: 662, Time: 00:01:48

Health: 0/33       AC:  2    Str: 23    XL:     3   Next: 33%
Magic:  2/2        EV: 12    Int:  4    God:    Trog [*.....]
Gold:   16         SH:  0    Dex:  9    Spells: 2/2 levels left

rFire   . . .        a - +0 hand axe
rCold   . . .        (no shield)
rNeg    . . .        b - +0 animal skin
rPois   .            (helmet restricted)
rElec   .            (no cloak)
rCorr   .            (no gloves)
SInv    .            (no boots)
Will    .....        (no amulet)
Stlth   +            (no ring)
HPRegen 0.25/turn    (no ring)
MPRegen 0.08/turn

%: no passive effects
@: no status effects
A: horns 2, retaliatory headbutt
a: Renounce Religion, Berserk


You were on level 2 of the Dungeon.
You worshipped Trog.
Trog was aware of your devotion.
You visited 1 branch of the dungeon, and saw 2 of its levels.

You collected 16 gold pieces.

Inventory:

Hand Weapons
 a - a +0 hand axe (weapon)
Armour
 b - a +0 animal skin (worn)
Scrolls
 c - a scroll of fear
 f - a scroll of immolation
Potions
 d - 2 potions of ambrosia
 g - a potion of brilliance {unknown}


   Skills:
 + Level 4.2 Fighting
 + Level 4.3 Axes
 + Level 3.2 Armour
 - Level 2.1 Dodging


You had 2 spell levels left.
You didn't know any spells.
Your spell library was empty.

Dungeon Overview and Level Annotations

Branches:
Dungeon (2/15)

Altars:


Innate Abilities, Weirdness & Mutations

You have a pair of horns on your head.
You reflexively headbutt those who attack you in melee.


Message History

The gnoll is heavily wounded.
You hit the jackal.
You kill the jackal!
Trog accepts your kill.
You barely miss the jackal.
The jackal bites you but does no damage.
The gnoll misses you. The jackal bites you.
You hit the gnoll.
The gnoll is almost dead.
You closely miss the jackal. The jackal barely misses you.
The gnoll hits you with a +0 club.
Unknown command.
You hit the gnoll.
You kill the gnoll!
Trog accepts your kill.
You hit the jackal but do no damage. The jackal bites you.
The jackal barely misses you.
Unknown command.
You hit the jackal. You headbutt the jackal.
You kill the jackal!
Trog accepts your kill.
Unknown command.
No target in view!
You start resting.
HP restored.
You climb downwards.
The gnoll closely misses you. You furiously retaliate!
You headbutt the gnoll. The gnoll hits you with a +0 flail.
The gnoll hits you but does no damage. The gnoll hits you with a +0 flail.
The gnoll hits you with a +0 whip.
There is a stone staircase leading up here.
You slash the gnoll!
The gnoll is severely wounded.
You barely miss the gnoll. The gnoll completely misses you.
The gnoll hits you with a +0 flail! The gnoll barely misses you.
You are too injured to fight recklessly!
You are too injured to fight recklessly!
The gnoll hits you with a +0 flail!
* * * LOW HITPOINT WARNING * * *
The gnoll hits you with a +0 whip!
You die...

##### ...<.
######+#.....
#............
#............
######....[.......
..........)..>....
#####g...........
#.@.g.w.......
#g†.#.#.......
#...#.#.......
#..........!..
............w..
###.............
#.............
.....$...


You could see 3 gnolls and a dart slug.

Vanquished Creatures
  A gnoll (D:1)
  2 dart slugs (D:1)
  5 endoplasms (D:1)
  2 giant cockroaches (D:1)
  A goblin (D:1)
  4 jackals
  A quokka (D:1)
  3 bats
  A frilled lizard (D:1)
  2 kobolds
  4 rats (D:1)
26 creatures vanquished.

Notes
Turn   | Place    | Note
-------+----------+-------------------------------------------
     0 | D:1      | meatpath the Minotaur Berserker began the quest for the
                  | Orb.
     0 | D:1      | Reached XP level 1. HP: 19/19 MP: 0/0
    51 | D:1      | Reached XP level 2. HP: 27/27 MP: 1/1
   598 | D:2      | Reached XP level 3. HP: 25/33 MP: 2/2
   662 | D:2      | Slain by a gnoll

Illustrated notes

Levels and vault maps discovered:
D:1:      lemuel_arrival_rhombus, layout_basic, minmay_curled_crystal
D:2:      minmay_roachtagon, layout_basic, hangedman_decor_lopped

Skill      XL: |  1  2 |
---------------+-------+-----
Axes           | 4 |  4.3
Fighting       | 4 |  4.2
Armour         | 3 |  3.2
Dodging        | |  2.1

Action                     || total
---------------------------++-------
  Melee: Hand axe          ||    41
         Headbutt          ||     8
    Use: Scroll            ||     3
   Stab: Sleeping          ||     1
 Armour: Animal skin       ||    11
  Dodge: Dodged            ||    33
